 Dungeon Crawl Stone Soup version 0.27-a0-1196-g3e9cee4cb2 (webtiles) character file.

Game seed: 14060084509864433907

709 bilbop the Skirmisher (level 7, -5/61 HPs)
             Began as a Minotaur Fighter on May 30, 2021.
             Was an Initiate of Okawaru.
             Killed from afar by an acid dragon (10 damage)
             ... with a splash of acid
             ... on level 5 of the Dungeon.
             The game lasted 00:20:20 (5393 turns).

bilbop the Skirmisher (Minotaur Fighter)            Turns: 5393, Time: 00:20:20

Health: -5/61      AC: 10    Str: 20    XL:     7   Next: 40%
Magic:  6/6        EV:  5    Int:  5    God:    Okawaru [......]
Gold:   208        SH: 15    Dex: 12    Spells: 6/6 levels left

rFire    . . .     SeeInvis .   a - +1 mace (vorpal)
rCold    . . .     Faith    .   f - +0 tower shield
rNeg     . . .     Spirit   .   l - +0 scale mail
rPois    .         Reflect  .   (helmet restricted)
rElec    .         Harm     .   u - +2 cloak
rCorr    .         Rampage  .   (no gloves)
Will     .....                  (no boots)
Stlth    ..........             (no amulet)
HPRegen  0.20/turn              (no ring)
MPRegen  0.10/turn              (no ring)

@: no status effects
A: horns 2, retaliatory headbutt
a: Renounce Religion


You were on level 5 of the Dungeon.
You worshipped Okawaru.
Okawaru was noncommittal.
You visited 2 branches of the dungeon, and saw 6 of its levels.

You collected 208 gold pieces.

Inventory:

Hand Weapons
 a - a +1 vorpal mace (weapon)
 b - a +0 hunting sling
 t - a +0 flail
Missiles
 o - 26 sling bullets
Armour
 c - a +0 kite shield
 f - a +0 tower shield (worn)
 l - a +0 scale mail (worn)
 u - a +2 cloak (worn)
Jewellery
 A - an amulet of magic regeneration
Wands
 y - a wand of iceblast (10)
Scrolls
 e - 2 scrolls of blinking {unknown}
 j - 4 scrolls of teleportation {unknown}
 k - a scroll of enchant weapon {unknown}
 p - a scroll of fear {unknown}
 r - 2 scrolls of identify {unknown}
 s - 2 scrolls of fog {unknown}
 w - a scroll of acquirement {unknown}
 x - a scroll of immolation {unknown}
Potions
 d - a potion of might
 g - 4 potions of curing {unknown}
 h - a potion of cancellation {unknown}
 i - a potion of heal wounds {unknown}
 m - a potion of resistance {unknown}
 n - a potion of mutation {unknown}
 q - a potion of flight {unknown}
 v - a potion of ambrosia {unknown}
 z - a potion of magic {unknown}
 B - a potion of brilliance {unknown}
 C - a potion of invisibility {unknown}


   Skills:
 + Level 5.6 Fighting
 + Level 4.7 Maces & Flails
 + Level 2.2 Slings
 + Level 5.5 Armour
 + Level 5.6 Shields
 + Level 2.6 Evocations


You had 6 spell levels left.
You didn't know any spells.
Your spell library contained the following spells:

 Spells                   Type           Power      Damage    Failure   Level
 Animate Skeleton         Necr           0%         N/A       100%        1
 Apportation              Tloc           0%         N/A       100%        1
 Corona                   Hex            0%         N/A       100%        1
 Sting                    Tmut/Pois      0%         1d3       100%        1
 Summon Small Mammal      Summ           0%         N/A       100%        1
 Poisonous Vapours        Pois/Air       0%         N/A       100%        2
 Ignite Poison            Fire/Tmut/Pois 0%         N/A       100%        3
 Mephitic Cloud           Conj/Pois/Air  0%         N/A       100%        3
 Olgreb's Toxic Radiance  Pois           0%         N/A       100%        4


Dungeon Overview and Level Annotations

Branches:
Dungeon (5/15)             Temple (1/1) D:5

Altars:
Ashenzari
Cheibriados
Dithmenos
Elyvilon
Fedhas
Gozag
Hepliaklqana
Kikubaaqudgha
Makhleb
Nemelex Xobeh
Okawaru
Qazlal
Ru
Sif Muna
Trog
Uskayaw
Vehumet
Xom
Yredelemnul
Zin
The Shining One


Innate Abilities, Weirdness & Mutations

You have a pair of horns on your head.
You reflexively headbutt those who attack you in melee.


Message History

The acid dragon is moderately wounded.
The bullfrog skeleton hits you but does no damage.
You block the acid dragon's attack. x2
You block the bullfrog skeleton's attack.
You closely miss the acid dragon.
The acid dragon is moderately wounded.
The acid dragon bites you but does no damage.
The acid dragon claws you but does no damage.
You block the bullfrog skeleton's attack.
You block the acid dragon's attack. The acid dragon claws you.
* * * LOW HITPOINT WARNING * * *
You block the bullfrog skeleton's attack.
You hit the acid dragon. You headbutt the acid dragon.
The acid dragon is moderately wounded.
You block the bullfrog skeleton's attack.
The acid dragon bites you but does no damage.
You block the acid dragon's attack.
You block the bullfrog skeleton's attack.
You barely miss the acid dragon.
You headbutt the acid dragon, but do no damage.
The acid dragon is moderately wounded.
You block the acid dragon's attack. x2; The bullfrog skeleton hits you.
* * * LOW HITPOINT WARNING * * *
The acid dragon bites you!
* * * LOW HITPOINT WARNING * * *
The acid dragon claws you but does no damage.
The bullfrog skeleton hits you but does no damage.
You sock the acid dragon!
The acid dragon is severely wounded.
The bullfrog skeleton hits you but does no damage.
The acid dragon barely misses you. You block the acid dragon's attack.
You block the bullfrog skeleton's attack.
You hit the acid dragon.
The acid dragon is almost dead.
The acid dragon bites you but does no damage.
The acid dragon completely misses you. The bullfrog skeleton hits you.
* * * LOW HITPOINT WARNING * * *
The acid dragon spits acid at you. The splash of acid hits you!
You die...

........# #......#....##..>
........# #.....##.....#...
........# #.....##.....##..
#.......D# #.............#.#
#........# ###'###........#.#
#........# ##.....##..........
#........###.......##...###.#.
####..........#Z......##...###...
............#.'D@.8...'..........
............###.......#..........
............# #.......##.........
............# ##.....###...######
............# ###'#####...##..#.
............# #..............#.
............# #..............#.
............# ########.......#.
............# #.......#.


You could see an acid dragon (catching breath) and a bullfrog skeleton.

Vanquished Creatures
  A necrophage (D:4)
  An ogre (D:5)
  A gnoll sergeant (D:5)
  A water moccasin skeleton (D:4)
  A centaur zombie (D:5)
  An orc priest (D:3)
  A hound (D:4)
  An iguana (D:5)
  Jessica (D:3)
  Terence (D:3)
  An orc wizard (D:5)
  6 gnolls
  7 adders
  A white imp (D:5)
  A worm (D:2)
  2 dart slugs
  7 orcs
  11 endoplasms
  A giant cockroach (D:1)
  8 goblins
  6 hobgoblins
  13 jackals
  A quokka (D:3)
  12 ball pythons
  3 bats
  4 frilled lizards
  6 kobolds
  5 rats
105 creatures vanquished.

Notes
Turn   | Place    | Note
-------+----------+-------------------------------------------
     0 | D:1      | bilbop the Minotaur Fighter began the quest for the Orb.
     0 | D:1      | Reached XP level 1. HP: 19/19 MP: 0/0
     2 | D:1      | Noticed an octopode
     2 | D:1      | Noticed an elf
     4 | D:1      | Noticed a vampire
     4 | D:1      | Noticed a demigod
     6 | D:1      | Noticed a troll
     8 | D:1      | Noticed a human
     8 | D:1      | Noticed a merfolk
    10 | D:1      | Noticed a spriggan
    12 | D:1      | Noticed a formicid
    12 | D:1      | Noticed a draconian
    14 | D:1      | Noticed a minotaur
    14 | D:1      | Noticed a felid
    16 | D:1      | Noticed a centaur
    16 | D:1      | Noticed a tengu
    18 | D:1      | Noticed a vine stalker
    18 | D:1      | Noticed a ghoul
    20 | D:1      | Noticed a barachi
    22 | D:1      | Noticed a demonspawn
    22 | D:1      | Noticed a naga
    24 | D:1      | Noticed an ogre
    24 | D:1      | Noticed a gargoyle
    26 | D:1      | Noticed a dwarf
    26 | D:1      | Noticed a palentonga
   226 | D:1      | Reached XP level 2. HP: 22/27 MP: 1/1
   449 | D:1      | Found a faded altar of an unknown god.
   770 | D:1      | Reached XP level 3. HP: 31/33 MP: 2/2
  1467 | D:2      | Reached XP level 4. HP: 32/40 MP: 3/3
  1469 | D:2      | Reached skill level 1 in Evocations
  2652 | D:3      | Noticed Terence
  2657 | D:3      | Killed Terence
  2658 | D:3      | Reached XP level 5. HP: 39/47 MP: 4/4
  3218 | D:3      | Noticed Jessica
  3220 | D:3      | Killed Jessica
  3405 | D:4      | Reached XP level 6. HP: 55/55 MP: 5/5
  3561 | D:4      | Reached skill level 5 in Armour
  3677 | D:4      | Reached skill level 5 in Fighting
  3677 | D:4      | Reached skill level 1 in Slings
  3677 | D:4      | Reached skill level 5 in Shields
  4272 | D:5      | Entered Level 5 of the Dungeon
  4554 | D:5      | Found a staircase to the Ecumenical Temple.
  4566 | Temple   | Entered the Ecumenical Temple
  4817 | Temple   | Became a worshipper of Warmaster Okawaru
  4943 | D:5      | Reached XP level 7. HP: 61/61 MP: 6/6
  5393 | D:5      | Killed from afar by an acid dragon

Illustrated notes

Levels and vault maps discovered:
D:1:      kb_arrival_jail, layout_basic, chequers_ecumenical_altar_simple,
          serial_curves, eino_curves_04, eino_curves_02
D:2:      minmay_spotlight, layout_basic, minmay_fractal_squares_gapless_5
D:3:      layout_rooms, uniq_jessica, uniq_terence
D:4:      layout_loops_corners
D:5:      layout_gridville, minmay_temple_entry_slanted, kennysheep_flooded_box
Temple:   nicolae_temple_the_god_donut

Skill      XL: |  1  2  3  4  5  6 |
---------------+-------------------+-----
Shields        | 4 5 |  5.6
Armour         | 4 5 |  5.5
Fighting       | 4 5 |  5.6
Maces & Flails | 3 4 |  4.7
Evocations     | 1 2 |  2.6
Slings         | 2 |  2.2

Action                   |  1- 3 |  4- 6 |  7- 9 || total
-------------------------+-------+-------+-------++-------
Melee: Flail             |    98 |    80 |       ||   178
       Headbutt          |    13 |    22 |     5 ||    40
       Mace              |       |    70 |    28 ||    98
 Fire: Hunting sling     |       |    21 |    10 ||    31
Armor: Scale mail        |    48 |    74 |    20 ||   142
Dodge: Dodged            |    30 |    28 |     9 ||    67
Block: Kite shield       |    24 |       |       ||    24
       Tower shield      |    78 |   132 |    38 ||   248

Table legend: (Time is in decaauts)
 A = Elapsed time spent in this place.
 B = Non-inter-level travel time spent in this place.
 C = Inter-level travel time spent in this place.
 D = Time resting spent in this place.
 E = Time spent auto-exploring this place.
 F = Levels seen in this place.
 G = Mean time per level.
                   A        B        C        D        E       F      G
               +--------+--------+--------+--------+--------+-----+--------+
         Total |   5565 |   5294 |    271 |    898 |   3537 |   6 |  927.5 |
       Dungeon |   5301 |   5063 |    238 |    898 |   3309 |   5 | 1060.2 |
        Temple |    263 |    230 |     33 |      0 |    228 |   1 |  263.0 |
               +--------+--------+--------+--------+--------+-----+--------+

Top non-repeatable levels by time:
     D:2: 1470 daAuts
     D:1: 1261 daAuts
     D:4: 889 daAuts
     D:5: 885 daAuts
     D:3: 793 daAuts
  Temple: 263 daAuts
